 Dungeon Crawl Stone Soup version 0.18.1-50-g88ac8fd (webtiles) character file.

74 magog001 the Skirmisher (level 4, -4/45 HPs)
             Began as a Troll Fighter on Sept 9, 2017.
             Slain by a gnoll
             ... wielding a +0 spear
              (6 damage)
             ... on level 2 of the Dungeon.
             The game lasted 00:10:49 (1356 turns).

magog001 the Skirmisher (Troll Fighter)             Turns: 1356, Time: 00:10:50

Health: -4/45      AC:  5    Str: 25    XL:     4   Next: 9%
Magic:  3/3        EV:  8    Int:  4    God:
Gold:   72         SH:  9    Dex:  9    Spells: 0 memorised, 3 levels left

rFire  . . .     SeeInvis .     a - +0 war axe
rCold  . . .     Gourm    +     b - +0 robe
rNeg   . . .     Faith    .     c - +0 shield
rPois  .         Spirit   .     (helmet restricted)
rElec  .         Dismiss  .     (no cloak)
rCorr  .         Reflect  .     (gloves unavailable)
SustAt .         Harm     .     (boots unavailable)
MR     .....                    (no amulet)
Stlth  +.........               (no ring)
                                j - ring of flight

@: not resistant to hostile enchantments, very unstealthy
A: unfitting armour, claws 3, fast metabolism 3, gourmand, regeneration 2,
shaggy fur 1, tough skin 2
a: Evoke Flight


You were on level 2 of the Dungeon.
You were not hungry.

You visited 1 branch of the dungeon, and saw 2 of its levels.

You collected 72 gold pieces.

Inventory:

Hand Weapons
 a - a +0 war axe (weapon)
Armour
 b - a +0 robe (worn)
 c - a +0 shield (worn)
Jewellery
 j - a ring of flight (left claw)
Scrolls
 h - 3 scrolls of identify
 k - a scroll of teleportation {unknown}
 l - 2 scrolls of remove curse {unknown}
 r - a scroll of fear {unknown}
Potions
 d - a potion of might
 e - a potion of berserk rage {unknown}
 g - a potion of degeneration {unknown}
 i - a potion of haste {unknown}
 m - a potion of heal wounds {unknown}
 n - a potion of curing
Comestibles
 f - 2 bread rations
 o - a meat ration
 q - 2 slices of pizza


   Skills:
 * Level 3.0 Fighting
 - Level 1.7 Axes
 * Level 1.0 Armour
 + Level 2.9 Dodging
 + Level 2.8 Shields


You had 3 spell levels left.
You didn't know any spells.

Dungeon Overview and Level Annotations

Branches:
Dungeon (2/15)

Altars:


Innate Abilities, Weirdness & Mutations

You are too large for most types of armour.
You have claws for hands.
Your metabolism is lightning-fast.
You like to eat raw meat.
You heal very quickly.
You are covered in fur (AC +1).
You have very tough skin (AC +2).


Message History

The gnoll hits you from afar with a spear.
* * * LOW HITPOINT WARNING * * *
The gnoll hits you from afar with a spear.
You block the gnoll's attack. The gnoll hits you with a flail.
You hit the gnoll.
The gnoll is severely wounded.
You block the gnoll's attack. The gnoll hits you with a flail!
* * * LOW HITPOINT WARNING * * *
The gnoll hits you from afar with a spear.
* * * LOW HITPOINT WARNING * * *
You slash the gnoll!
You kill the gnoll!
Your Fighting skill increases to level 3!
Your Armour skill increases to level 1!
You have reached level 4!
The gnoll hits you from afar with a spear!
* * * LOW HITPOINT WARNING * * *
The gnoll hits you with a spear.
You die...

#######.#.#
##############.#.#
...............#.#
###.####.#####.#.#
###.# #..# #.#.#
..#.# ##.## #.#.#
#.#.# #..# #.#.#
#.#.# ##.###.#g#
#.#.# #..##.#@#
#.#.# ##.##.#.#
#.#.#######.##.#.#
.................#
#..########..#.#####
#..#......)........#
#..#)#######...###.#
#..#.#...........#.#
#..#.#.######..#.#.#


You could see a gnoll.

Vanquished Creatures
  3 gnolls (D:2)
  3 dart slugs (D:1)
  A giant gecko (D:1)
  A ball python (D:1)
  A bat (D:2)
  3 giant cockroaches (D:1)
  7 goblins
  5 hobgoblins
  2 jackals (D:1)
  A giant newt (D:1)
  4 kobolds
  7 rats
38 creatures vanquished.

Notes
Turn   | Place    | Note
--------------------------------------------------------------
     0 | D:1      | magog001 the Troll Fighter began the quest for the Orb.
     0 | D:1      | Reached XP level 1. HP: 22/22 MP: 0/0
    26 | D:1      | Reached XP level 2. HP: 18/29 MP: 1/1
   396 | D:1      | Reached XP level 3. HP: 31/36 MP: 2/2
  1355 | D:2      | Reached skill level 3 in Fighting
  1355 | D:2      | Reached skill level 1 in Armour
  1355 | D:2      | Reached XP level 4. HP: 10/45 MP: 3/3
  1355 | D:2      | HP: 1/45 [gnoll/spear (9)]
  1356 | D:2      | Slain by a gnoll

Skill      XL: |  1  2  3 |
---------------+----------+-----
Fighting       | 3 |  3.0
Armour         | 1 |  1.0
Axes           | |  1.7
Dodging        | |  2.9
Shields        | |  2.8

Action                   |  1- 3 |  4- 6 || total
-------------------------+-------+-------++-------
Melee: War axe           |   132 |       ||   132
  Use: Scroll            |     1 |       ||     1
  Eat: Chunk             |    13 |       ||    13
Armor: Robe              |    61 |       ||    61
Dodge: Dodged            |    46 |       ||    46
Block: Shield            |    69 |       ||    69
